 Dungeon Crawl Stone Soup version 0.20.0 (webtiles) character file.

1582 Eucla the Basher (level 8, 0/53 HPs)
             Began as a Gargoyle Monk on May 31, 2017.
             Was a Believer of Ru.
             Slain by an orc warrior
             ... wielding a +0 halberd
              (20 damage)
             ... on level 5 of the Dungeon.
             The game lasted 00:08:57 (5034 turns).

Eucla the Basher (Gargoyle Monk)                    Turns: 5034, Time: 00:08:58

Health: 0/53       AC: 19    Str: 15    XL:     8   Next: 92%
Magic:  8/8        EV:  7    Int: 11    God:    Ru [**....]
Gold:   267        SH:  0    Dex: 14    Spells: 7/7 levels left

rFire    . . .     SeeInvis .   J - +5 flail (curse)
rCold    . . .     Gourm    .   (no shield)
rNeg     + . .     Faith    .   x - +0 chain mail
rPois    ∞         Spirit   .   q - +1 hat
rElec    +         Reflect  .   (no cloak)
rCorr    .         Harm     .   (no gloves)
MR       .....                  (no boots)
Stlth    ..........             j - amulet of magic regeneration
Regen    0.2/turn               z - ring of wizardry
MPRegen  0.2/turn               k - +5 ring of protection

@: no status effects
A: negative energy resistance 1, electricity resistance, unbreathing,
petrification resistance, rot immunity, no stealth, no earth magic, no hexes
magic, no summoning magic, AC +5
a: Renounce Religion


You were on level 5 of the Dungeon.
You worshipped Ru.
Ru was pleased with you.
You were full.

You visited 1 branch of the dungeon, and saw 6 of its levels.

You collected 267 gold pieces.

Inventory:

Hand Weapons
 a - a +0 mace
 g - a cursed -1 hunting sling
 J - a cursed +5 flail (weapon)
Missiles
 m - 48 sling bullets
 n - 179 stones (quivered)
Armour
 f - a +0 ring mail
 p - a +0 scale mail
 q - a +1 hat (worn)
 u - a +0 plate armour
 x - a +0 chain mail (worn)
Jewellery
 j - an amulet of magic regeneration (around neck)
 k - a +5 ring of protection (right hand)
 l - an uncursed ring of protection from cold
 z - a ring of wizardry (left hand)
Wands
 y - a wand of random effects (38/48)
 B - a wand of confusion (31/48)
 F - a wand of disintegration (14/24)
Scrolls
 e - 2 scrolls of immolation
 i - 7 scrolls of remove curse
 r - 2 scrolls of fog {unknown}
 s - a scroll of recharging {unknown}
 v - a scroll of enchant armour {unknown}
 w - a scroll of amnesia {unknown}
 A - 3 scrolls of teleportation {unknown}
 C - a scroll of identify
 E - a scroll of noise {unknown}
 G - a scroll of magic mapping {unknown}
Potions
 b - 2 potions of flight {unknown}
 d - a potion of cancellation {unknown}
 h - a potion of berserk rage
 o - a potion of ambrosia {unknown}
 D - a potion of lignification {unknown}
 H - 3 potions of might {unknown}
Books
 I - a book of Necromancy

   Spells                             Type                      Level
   a - Pain                           Necromancy                   1
   b - Animate Skeleton               Necromancy                   1
   c - Vampiric Draining              Necromancy                   3
   d - Regeneration                   Charms/Necromancy            3
   e - Animate Dead                   Necromancy                   4
   f - Control Undead                 Necromancy                   4
Comestibles
 c - 7 bread rations
 t - 2 meat rations


   Skills:
 + Level 7.6 Fighting
 * Level 9.4 Maces & Flails
 - Level 2.4 Dodging


You had 7 spell levels left.
You didn't know any spells.

Dungeon Overview and Level Annotations

Branches:
Dungeon (6/15)
 Temple: D:4-7

Altars:
Fedhas
Makhleb
Okawaru
Ru
Xom


Innate Abilities, Weirdness & Mutations

You are resistant to torment.
Your stone body is resilient. (AC +5)
You are immune to poison.
You resist negative energy. (rN+)
You are resistant to electric shocks. (rElec)
You can survive without breathing.
You are immune to petrification.
You are immune to rotting.
You cannot be stealthy.
You cannot study or cast Earth magic.
You cannot study or cast Hexes magic.
You cannot study or cast Summoning magic.


Message History

The orc warrior is moderately wounded.
The orc warrior hits you with a halberd.
You closely miss the orc warrior.
The orc warrior is moderately wounded.
The orc warrior hits you with a halberd!
You closely miss the orc warrior.
The orc warrior is moderately wounded.
The orc warrior hits you with a halberd.
You hit the orc warrior.
The orc warrior is heavily wounded.
The orc warrior completely misses you.
You hit the orc warrior.
The orc warrior is heavily wounded.
You closely miss the orc warrior.
The orc warrior is heavily wounded.
The orc warrior hits you with a halberd!
You closely miss the orc warrior.
The orc warrior is heavily wounded.
The orc warrior hits you with a halberd!!
You die...

....................#
....................#
....................#
....................#
####'###########....#
.#..........#..#†...#
.'..........#..#....#
.#..........'..'o...#
.#########.##..#@...#
.##......############
..#......# ..'......#
###......#######
.....####......#
.....'..#......#
.....#..#.(....#
.....#..#......#


You could see an orc warrior.

Vanquished Creatures
  Grinder (D:5)
  An ice beast (D:5)
  A hornet zombie (D:5)
  2 phantoms
  A necrophage (D:5)
  2 centaurs
  2 bullfrogs
  A scorpion (D:4)
  5 wights (D:6)
  A howler monkey (D:4)
  A jelly (D:5)
  5 hounds
  A centaur skeleton (D:5)
  2 worker ants
  4 adders
  A shadow imp (D:5)
  2 oozes
  An adder skeleton (D:4)
  3 dart slugs (D:1)
  3 leopard geckos
  4 orcs
  3 giant cockroaches
  11 goblins
  9 hobgoblins
  7 jackals (D:5)
  4 kobolds
  A quokka (D:6)
  3 ball pythons
  A ball python skeleton (D:5)
  10 bats
  8 frilled lizards
  A quokka skeleton (D:4)
  9 rats
  A butterfly (D:3)
112 creatures vanquished.

Notes
Turn   | Place    | Note
-------+----------+-------------------------------------------
     0 | D:1      | Eucla the Gargoyle Monk began the quest for the Orb.
     0 | D:1      | Reached XP level 1. HP: 14/14 MP: 1/1
   301 | D:1      | Reached XP level 2. HP: 19/19 MP: 2/2
   481 | D:1      | Reached XP level 3. HP: 20/23 MP: 3/3
   518 | D:1      | Reached skill level 4 in Maces & Flails
  1243 | D:2      | Reached XP level 4. HP: 29/29 MP: 4/4
  1827 | D:3      | Found a sacrificial altar of Ru.
  1846 | D:3      | Became a worshipper of Ru the Awakened
  1854 | D:3      | Gained mutation: You cannot study or cast Earth magic. [Ru sacrifice]
  1854 | D:3      | Gained mutation: You cannot study or cast Hexes magic. [Ru sacrifice]
  1854 | D:3      | Gained mutation: You cannot study or cast Summoning magic. [Ru sacrifice]
  1854 | D:3      | Reached * piety under Ru
  1955 | D:3      | Found a burning altar of Makhleb.
  2213 | D:3      | Reached XP level 5. HP: 34/34 MP: 5/5
  2280 | D:3      | Found a shimmering altar of Xom.
  2477 | D:4      | Reached skill level 5 in Maces & Flails
  2585 | D:4      | Reached XP level 6. HP: 31/40 MP: 6/6
  2700 | D:4      | Found an iron altar of Okawaru.
  2775 | D:4      | Reached skill level 5 in Fighting
  2872 | D:5      | Entered Level 5 of the Dungeon
  2872 | D:5      | Noticed Grinder
  2880 | D:5      | Paralysed by Grinder for 3 turns
  2886 | D:5      | Killed Grinder
  2886 | D:5      | Reached skill level 6 in Maces & Flails
  2886 | D:5      | Reached XP level 7. HP: 44/44 MP: 7/7
  2922 | D:5      | Found a blossoming altar of Fedhas.
  3160 | D:5      | Reached skill level 7 in Maces & Flails
  3383 | D:5      | Reached XP level 8. HP: 44/52 MP: 8/8
  3620 | D:5      | Reached skill level 8 in Maces & Flails
  4070 | D:5      | Found a shimmering altar of Xom.
  4197 | D:5      | Gained mutation: You cannot be stealthy. [Ru sacrifice]
  4197 | D:5      | Reached ** piety under Ru
  4455 | D:6      | Reached skill level 9 in Maces & Flails
  5034 | D:5      | Slain by an orc warrior

Skill      XL: |  1  2  3  4  5  6  7  8 |
---------------+-------------------------+-----
Maces & Flails | 4 5 6 7 9 |  9.4
Fighting       | 4 5 6 7 |  7.6
Stealth        | 0 |  0.0
Dodging        | |  2.4

Action                   |  1- 3 |  4- 6 |  7- 9 || total
-------------------------+-------+-------+-------++-------
Melee: Mace              |   116 |   202 |   258 ||   576
       Flail             |       |       |    29 ||    29
Invok: Sacrifice Arcana  |       |     1 |       ||     1
       Sacrifice Stealth |       |       |     1 ||     1
  Use: Scroll            |     4 |       |       ||     4
       Potion            |       |     1 |       ||     1
 Stab: Sleeping          |     3 |       |       ||     3
       Distracted        |       |       |     1 ||     1
  Eat: Chunk             |     1 |     4 |       ||     5
       Fruit             |       |     4 |     1 ||     5
       Royal jelly       |       |       |     2 ||     2
       Meat ration       |       |       |     1 ||     1
Armor: Ring mail         |    32 |       |       ||    32
       Scale mail        |    28 |    55 |       ||    83
       Plate armour      |       |    24 |       ||    24
       Chain mail        |       |    84 |   219 ||   303
Dodge: Dodged            |    84 |    85 |   102 ||   271
